Map: Lerilak Crest

Players

qipDaKosTTrU

  • Race: Protoss Protoss
  • League: Silver

capac - Winner!

  • Race: Terran Terran
  • League: Gold

VOD

Have the link to the VOD?

Description

Time

  • Played on: March 21, 2016, 2:28 p.m.
  • Length: 15:53
Show
View Real Time Build Order
Export as new Build Order

qipDaKosTTrU Protoss 

Build Orders: Cannon Rush, Colossus Rush 

Get SALT Encoding   

  12  0:02  Probe (Chrono Boost)  
  13  0:12  Probe (Chrono Boost)  
  14  0:18  Pylon  
  14  0:23  Probe (Chrono Boost)  
  15  0:36  Forge  
  15  0:39  Probe (Chrono Boost)  
  16  0:47  Assimilator  
  16  0:49  Probe (Chrono Boost)  
  17  0:57  Pylon  
  17  1:02  Probe (Chrono Boost)  
  18  1:13  Probe (Chrono Boost)  
  18  1:17  Photon Cannon  
  19  1:27  Pylon  
  19  1:28  Assimilator  
  19  1:30  Probe (Chrono Boost)  
  20  1:39  Photon Cannon  
  20  1:42  Probe (Chrono Boost)  
  21  1:53  Probe (Chrono Boost)  
  22  1:59  Photon Cannon  
  22  2:08  Gateway  
  22  2:11  Probe (Chrono Boost)  
  23  2:22  Photon Cannon  
  23  2:33  Photon Cannon  
  23  2:40  Pylon  
  23  2:59  Cybernetics Core  
  23  3:03  Photon Cannon  
  23  3:13  Photon Cannon  
  23  3:17  Pylon  
  23  3:28  Gateway  
  23  3:36  Warp Gate (Chrono Boost)  
  23  3:44  Photon Cannon  
  23  3:47  Pylon  
  23  3:52  Protoss Shields Level 1 (Chrono Boost)  
  23  4:07  Robotics Facility  
  23  4:16  Photon Cannon  
  23  4:25  Photon Cannon  
  23  4:41  Robotics Facility  
  23  4:50  Pylon  
  23  5:02  Robotics Bay  
  23  5:06  Observer  
  24  5:24  Gateway  
  24  5:28  Gateway  
  24  5:37  Immortal  
  28  5:44  Protoss Ground Weapons Level 1 (Chrono Boost)  
  28  5:59  Colossus  
  34  6:30  Immortal  
  37  6:32  Extended Thermal Lance (Chrono Boost)  
  37  6:37  Adept  
  39  6:42  Adept  
  40  7:06  Probe  
  41  7:13  Nexus  
  41  7:25  Photon Cannon  
  41  7:34  Photon Cannon  
  41  7:44  Pylon  
  41  7:50  Stalker  
  43  7:59  Stalker  
  45  8:06  Stalker  
  47  8:15  Protoss Ground Armor Level 1 (Chrono Boost)  
  47  8:20  Assimilator  
  47  8:26  Probe  
  47  8:28  Probe  
  49  8:40  Probe  
  50  8:44  Probe  
  51  8:55  Probe  
  51  8:56  Immortal  
  56  9:09  Immortal  
  60  9:10  Probe  
  61  9:21  Probe  
  61  9:22  Assimilator  
  62  9:27  Stalker  
  64  9:31  Probe  
  64  9:33  Stalker  
  67  9:44  Twilight Council  
  67  9:55  Immortal (Chrono Boost)  
  67  9:56  Probe  
  72  10:06  Probe  
  73  10:14  Colossus (Chrono Boost)  
  73  10:17  Probe  
  80  10:27  Protoss Ground Weapons Level 2 (Chrono Boost)  
  80  10:29  Probe  
  80  10:35  Stalker  
  83  10:40  Stalker  
  85  10:46  Stalker  
  87  10:53  Stalker  
  89  10:59  Stalker  
  91  11:05  Stalker  
  93  11:22  Pylon  
  93  11:27  Pylon  
  93  11:31  Observer  
  93  11:32  Colossus  
  94  11:39  Forge  
  94  11:41  Pylon  
  100  11:53  Colossus  
  106  12:12  Nexus  
  106  12:33  Protoss Shields Level 2 (Chrono Boost)  
  106  12:38  Protoss Ground Weapons Level 3 (Chrono Boost)  
  106  12:40  Immortal  
  110  12:54  Pylon  
  110  13:05  Templar Archives  
  110  13:13  Probe  
  111  13:21  Dark Shrine  
  111  13:27  Assimilator  
  111  13:31  Assimilator  
  75  13:54  Stalker x2  
  75  13:55  Stalker x2  
  53  14:02  Colossus  
  54  14:12  Colossus  
  21  14:21  Stalker  
  21  14:23  Zealot  
  31  14:35  Dark Templar  
  33  14:50  Dark Templar  
  35  14:58  Dark Templar  
  37  15:02  Probe  
  36  15:14  Probe  
  36  15:19  Stalker  
  33  15:29  Stalker  
  35  15:35  Probe  
Show
View Real Time Build Order
Export as new Build Order

capac Terran - Winner!

Build Orders: MMM Bio 

Get SALT Encoding   

  12  0:00  SCV  
  13  0:13  SCV  
  14  0:17  Supply Depot  
  14  0:25  SCV  
  15  0:39  SCV  
  15  0:40  Barracks  
  16  0:47  Refinery  
  16  0:51  SCV  
  17  1:03  SCV  
  18  1:15  SCV  
  19  1:27  SCV  
  19  1:31  Reaper  
  21  1:35  Command Center  
  21  1:44  Orbital Command  
  21  1:53  Supply Depot  
  21  2:04  Barracks Reactor  
  21  2:12  Barracks, SCV  
  21  2:32  Factory  
  21  2:41  Marine x2  
  23  2:45  SCV  
  23  2:47  Refinery  
  23  2:50  Engineering Bay  
  24  2:55  SCV  
  25  3:01  Marine x2  
  25  3:02  Barracks Tech Lab  
  27  3:07  SCV  
  27  3:10  Orbital Command  
  28  3:15  Factory Tech Lab  
  28  3:21  Starport, Marine x2  
  28  3:27  Marine  
  30  3:28  SCV  
  32  3:46  Siege Tank  
  32  3:48  Marine x2, SCV x2  
  37  3:50  Marine  
  40  3:58  Stimpack  
  40  4:02  Refinery  
  40  4:09  Marine x2  
  41  4:10  Bunker  
  41  4:16  Starport Reactor  
  42  4:19  SCV x2  
  44  4:25  Marine  
  44  4:31  SCV  
  46  4:42  Supply Depot  
  46  4:44  Supply Depot  
  46  4:46  SCV  
  46  4:52  Medivac x2  
  51  4:54  Marine x3  
  54  5:04  SCV x2  
  56  5:09  Missile Turret  
  56  5:11  Supply Depot  
  56  5:13  Terran Infantry Weapons Level 1  
  56  5:15  Siege Tank  
  56  5:16  SCV x2  
  56  5:17  Marine  
  56  5:18  Marine x2  
  64  5:28  SCV x2  
  66  5:36  Refinery  
  66  5:42  Marine  
  67  5:44  Marine  
  67  5:48  Command Center  
  67  5:49  Supply Depot  
  68  6:00  Marine x2, Liberator x2  
  68  6:01  Combat Shields  
  70  6:08  SCV x2  
  78  6:20  SCV x2  
  80  6:34  SCV x2  
  80  6:36  Marine x3  
  85  6:46  Liberator x2  
  76  7:01  Marine x3  
  79  7:16  SCV x2  
  79  7:17  Supply Depot  
  79  7:18  Marine  
  79  7:19  Marine x2  
  84  7:23  Barracks  
  84  7:24  Barracks  
  84  7:25  Barracks  
  84  7:26  Siege Tank  
  84  7:28  SCV  
  88  7:35  Orbital Command  
  88  7:38  Marine  
  88  7:39  Marine  
  88  7:43  Missile Turret  
  90  7:51  SCV x2  
  92  7:56  Medivac x2  
  92  7:57  Marine x2  
  92  7:58  Marine  
  99  8:02  Siege Tank  
  102  8:06  Supply Depot  
  102  8:15  SCV x2  
  102  8:16  SCV  
  102  8:19  Barracks Reactor x2  
  105  8:21  Barracks Reactor  
  105  8:23  Engineering Bay  
  105  8:24  Armory  
  105  8:29  Factory  
  105  8:30  SCV x2  
  105  8:31  SCV  
  108  8:35  Refinery  
  108  8:37  Refinery  
  108  8:46  Liberator x2  
  108  8:54  Terran Infantry Armor Level 1  
  108  9:07  Siege Tank  
  117  9:17  Barracks  
  117  9:19  Factory Tech Lab  
  117  9:21  Supply Depot x2  
  117  9:22  Barracks  
  117  9:25  Supply Depot  
  117  9:26  Marine x4  
  121  9:32  Marine x5  
  121  9:34  Liberator  
  121  9:35  Liberator, SCV x2  
  121  9:36  SCV  
  129  9:40  Siege Tank, Missile Turret  
  129  9:42  Siege Tank  
  135  9:47  Supply Depot  
  135  9:48  Supply Depot  
  135  9:49  Terran Infantry Weapons Level 2  
  135  9:50  Supply Depot  
  141  9:53  Marine x2  
  141  9:54  Marine x5  
  141  9:55  Marine x2  
  150  10:04  Command Center  
  150  10:07  Barracks Tech Lab  
  150  10:10  Barracks Tech Lab  
  150  10:13  Concussive Shells  
  150  10:16  Terran Vehicle Weapons Level 1  
  150  10:18  Marine x3  
  150  10:19  Marine x3  
  156  10:25  SCV x3  
  159  10:29  Supply Depot  
  159  10:32  Supply Depot  
  159  10:35  Supply Depot  
  159  10:50  Marauder x3  
  165  11:11  Marauder  
  165  11:12  Marauder x2  
  165  11:16  Terran Infantry Armor Level 2  
  171  11:20  Missile Turret  
  171  11:27  Missile Turret  
  171  11:33  Marauder x3  
  177  11:54  Marauder x2  
  177  11:55  Marauder  
  183  12:03  Starport  
  183  12:07  Starport  
  183  12:10  Medivac x2  
  187  12:16  Marauder x3  
  193  12:23  Orbital Command  
  193  12:41  Medivac x2  
  197  12:50  Command Center  
  139  14:06  Marine  
  139  14:07  Marine x6  
  139  14:08  Marine  
  139  14:09  Marauder x3  
  151  14:24  Marine x2  
  151  14:25  Marine x4  
  151  14:30  Marauder x2  
  151  14:31  Marauder  
  163  14:32  Marine x2  
  165  14:39  Siege Tank  
  165  14:40  Siege Tank  
  165  14:42  Marine  
  172  14:51  Marauder  
  170  15:21  Marine x4  
  169  15:22  Marine x4  
  169  15:23  Marauder x2  
  169  15:24  Marauder  
Tags
 
Add a new tag
Caveats
  • Supply blocks, unpowered buildings, or Contaminate may cause inaccurate times.
  • Supply counts are checked every 10 seconds.